 Dungeon Crawl Stone Soup version 0.30-b1-2-g02819fbbbe (webtiles) character file.

Game seed: 8717738820445504466

5138 Varyis the Skirmisher (level 10, -1/118 HPs)
             Began as a Gnoll Hunter on June 16, 2023.
             Was an Initiate of Ru.
             Slain by a killer bee (5 damage)
             ... on level 8 of the Dungeon.
             The game lasted 00:30:38 (11482 turns).

Varyis the Skirmisher (Gnoll Hunter)               Turns: 11482, Time: 00:30:39

Health: -1/118     AC: 25    Str: 10    XL:     10   Next: 58%
Magic:  0/18       EV:  2    Int:  7    God:    Ru [......]
Gold:   1617       SH:  0    Dex: 30    Spells: 20/20 levels left

rFire   . . .        r - +9 sling (flame)
rCold   . . .        (no shield)
rNeg    . . .        L - melded +0 chain mail
rPois   +            o - melded +0 helmet
rElec   .            s - melded +0 cloak
rCorr   .            (gloves currently unavailable)
SInv    .            (boots currently unavailable)
Will    +....        y - amulet of guardian spirit
Stlth   ++++         Y - +6 ring of dexterity
HPRegen 0.39/turn    (no ring)
MPRegen 0.16/turn

%: guardian spirit
@: tree-form, on berserk cooldown, slowed, very slow
A: stationary, stasis, torment immunity, boosted hp, (fangs 1), strong nose,
distributed training, agile 1, strong-willed 1
a: Renounce Religion, Sacrifice Drink, Sacrifice Courage, Sacrifice Artifice,
Reject Sacrifices


You were on level 8 of the Dungeon.
You worshipped Ru.
Ru was noncommittal.
You were a tree.
You visited 1 branch of the dungeon, and saw 8 of its levels.

You collected 1887 gold pieces.
You spent 270 gold pieces at shops.

Inventory:

Hand Weapons
 a - a +5 dire flail of freezing
 r - a +9 sling of flaming (weapon)
 D - a +2 heavy spear
 E - a +1 heavy mace
 F - a +1 short sword of venom
 G - a +0 dagger of venom
 O - a +3 rapier
 U - a +4 quarterstaff of chaos
 X - a +0 flail of protection
 Z - a +2 short sword of distortion
Missiles
 m - 26 poisoned darts
 p - 7 atropa-tipped darts
 q - 59 stones
 w - a throwing net
Armour
 n - a +0 animal skin
 o - a +0 helmet (melded)
 s - a +0 cloak (melded)
 L - a +0 chain mail (melded)
Magical Staves
 N - a staff of air
Jewellery
 d - a ring of wizardry
 y - an amulet of guardian spirit (around neck)
 A - a ring of see invisible
 V - a ring of ice
 W - a ring of protection from fire
 Y - a +6 ring of dexterity (left branch)
Wands
 C - a wand of mindburst (7)
 M - a wand of charming (26)
 Q - a wand of polymorph (5)
Scrolls
 b - a scroll of immolation
 c - a scroll of noise
 e - a scroll of brand weapon
 f - 3 scrolls of teleportation
 i - 2 scrolls of amnesia
 v - 3 scrolls of enchant armour
 P - a scroll of fog
Potions
 j - 2 potions of flight
 z - 3 potions of degeneration
 B - a potion of haste
 H - a potion of cancellation


   Skills:
 + Level 7.3 Fighting
 + Level 5.6 Short Blades
 + Level 5.6 Long Blades
 + Level 5.6 Axes
 + Level 5.6 Maces & Flails
 + Level 5.6 Polearms
 + Level 5.6 Staves
 + Level 10.2 Ranged Weapons
 + Level 5.6 Throwing
 + Level 5.6 Armour
 + Level 7.3 Dodging
 + Level 6.1 Stealth
 + Level 5.6 Shields
 + Level 5.6 Unarmed Combat
 + Level 5.6 Spellcasting
 + Level 4.6 Conjurations
 + Level 4.6 Hexes
 + Level 4.6 Summonings
 + Level 4.6 Necromancy
 + Level 4.6 Translocations
 + Level 4.6 Transmutations
 + Level 4.6 Fire Magic
 + Level 4.6 Ice Magic
 + Level 4.6 Air Magic
 + Level 4.6 Earth Magic
 + Level 4.6 Poison Magic
 + Level 6.2 Invocations
 + Level 5.6 Evocations


You had 20 spell levels left.
You didn't know any spells.
Your spell library contained the following spells:

 Spells                   Type           Power      Damage    Failure   Level
 Ensorcelled Hibernation  Hex/Ice        16%        N/A       6%          2
 Lesser Beckoning         Tloc           16%        N/A       6%          2
 Passwall                 Tmut/Erth      6%         N/A       6%          2
 Gell's Gravitas          Tloc           8%         N/A       12%         3
 Swiftness                Air            8%         N/A       12%         3
 Teleport Other           Tloc           8%         N/A       12%         3
 Volatile Blastmotes      Fire/Tloc      16%        2d11      12%         3
 Fulminant Prism          Conj/Hex       4%         3d5       36%         4
 Iskenderun's Mystic Bla  Conj/Tloc      8%         2d4       36%         4
 Passage of Golubria      Tloc           8%         N/A       36%         4
 Lee's Rapid Deconstruct  Erth           4%         3d5*      73%         5
 Silence                  Hex/Air        4%         N/A       73%         5
 Lehudib's Crystal Spear  Conj/Erth      4%         10d3      100%        8


Dungeon Overview and Level Annotations

Branches:
Dungeon (8/15)             Temple (0/1) D:5
   Lair: D:8-11

Altars:
Ashenzari
Nemelex Xobeh
Ru
Xom

Shops:
D:6 (=   D:7 ?


Innate Abilities, Weirdness & Mutations

You are a tree.
Your roots penetrate the ground, keeping you stationary.
You cannot be teleported.
You are immune to unholy pain and torment.
Your maximum health is greatly increased.
Your equipment is partially melded.
((You have very sharp teeth.))
Your uncanny sense of smell can sniff out nearby items.
Your experience applies equally to all skills.
You are agile. (Dex +4, Str/Int -1)
You are strong-willed. (Will+)


Message History

Okay, then.
Really attack while wielding your +9 sling of flaming? [Y]es or [N]o only, please.
Really attack while wielding your +9 sling of flaming? [Y]es or [N]o only, please.
Really attack while wielding your +9 sling of flaming?
You hit the orc priest!
You kill the orc priest!
You feel sick.
The killer bee stings you but does no damage. x2
The orc warrior hits you with a +0 war axe.
* * * LOW HITPOINT WARNING * * *
A gnoll comes into view. It is wielding a +0 spear.
The killer bee stings you but does no damage.
The gnoll shouts!
You clumsily bash the orc priest.
The orc priest is lightly wounded.
You are no longer berserk.
You are exhausted.
You feel yourself slow down.
You feel sick.
The killer bee stings you but does no damage.
The orc warrior hits you but does no damage.
The orc priest hits you with a +0 short sword.
* * * LOW HITPOINT WARNING * * *
The orc hits you but does no damage. The killer bee barely misses you.
You shoot a sling bullet. The sling bullet hits the orc priest.
The sling bullet burns the orc priest.
The orc priest is heavily wounded.
You feel sick.
You are no longer poisoned.
The killer bee stings you but does no damage.
The orc warrior hits you but does no damage.
The orc hits you with a +3 dagger.
* * * LOW HITPOINT WARNING * * *
The orc priest hits you but does no damage.
An orc warrior comes into view. It is wielding a +0 battleaxe.
The killer bee stings you but does no damage.
As you read the scroll of fog, it crumbles to dust.
The scroll dissolves into smoke.
The killer bee stings you!
You die...

......##.....#..........#
.........#...[......##.##
.........#....##....# ..
...................... .
.......##.....###.#####
......####.#.......#
.....## #..#....§#.###..
......# ##.....§§#§.....
#..#...##......§♣og....#
...##......>...ooy§.....
.... ..........§g..#....
..## ..#.....$.#.##!....
.# ....#..#.##.. .g... .
....#..#...... #... .. ##
... ... .... .o


You could see 2 orc warriors, a gnoll bouda, a killer bee, an orc priest, 2
gnolls and an orc.

Vanquished Creatures
  The ghost of snakesoul the Thaumaturge, a novice DECj of Vehumet (D:7)
  The ghost of diceflayer the Shooter, a novice DsHu of Okawaru (D:5)
  Eustachio (D:6)
  A water moccasin (D:8)
  3 black bears
  An orc warrior (D:5)
  3 ogres
  A phantom (D:6)
  A centaur (D:5)
  10 kobold brigands (D:7)
  2 gnoll sergeants (D:5)
  4 bullfrogs
  8 scorpions
  5 wights
  2 killer bees (D:8)
  The ghost of Termiter the Grave Robber, a weakling DsNe (D:4)
  3 howler monkeys
  6 jellies
  5 hounds (D:5)
  A gnoll bouda (D:7)
  4 orc priests
  Crazy Yiuf (D:6)
  Jessica (D:3)
  2 iguanas (D:6)
  Natasha (thrice) (D:3)
  4 sleepcaps
  An orc wizard (D:4)
  Robin (D:2)
  12 gnolls
  16 adders
  3 shadow imps
  4 white imps
  2 ufetubi
  2 worms (D:2)
  3 dart slugs
  14 orcs
  3 bats
  11 endoplasms
  16 giant cockroaches
  16 goblins
  15 hobgoblins
  9 jackals
  11 quokkas
  8 ball pythons
  9 frilled lizards
  13 kobolds
  4 rats
248 creatures vanquished.

Vanquished Creatures (others)
  7 fungi
  9 plants
16 creatures vanquished.

Grand Total: 264 creatures vanquished

Notes
Turn   | Place    | Note
-------+----------+-------------------------------------------
     0 | D:1      | Varyis the Gnoll Hunter began the quest for the Orb.
     0 | D:1      | Reached XP level 1. HP: 20/20 MP: 1/1
    74 | D:1      | Reached XP level 2. HP: 26/26 MP: 2/2
   568 | D:1      | Reached XP level 3. HP: 31/31 MP: 3/3
  1229 | D:2      | Reached skill level 1 in Invocations
  1257 | D:2      | Noticed Robin
  1261 | D:2      | Reached skill level 1 in Short Blades
  1261 | D:2      | Reached skill level 1 in Long Blades
  1261 | D:2      | Reached skill level 1 in Axes
  1261 | D:2      | Reached skill level 1 in Maces & Flails
  1261 | D:2      | Reached skill level 1 in Polearms
  1261 | D:2      | Reached skill level 1 in Staves
  1261 | D:2      | Reached skill level 1 in Throwing
  1261 | D:2      | Reached skill level 1 in Armour
  1261 | D:2      | Reached skill level 1 in Shields
  1261 | D:2      | Reached skill level 1 in Unarmed Combat
  1261 | D:2      | Reached skill level 1 in Spellcasting
  1261 | D:2      | Reached skill level 1 in Evocations
  1262 | D:2      | Killed Robin
  1263 | D:2      | Reached XP level 4. HP: 38/38 MP: 5/5
  1548 | D:2      | Reached skill level 1 in Conjurations
  1548 | D:2      | Reached skill level 1 in Hexes
  1548 | D:2      | Reached skill level 1 in Summonings
  1548 | D:2      | Reached skill level 1 in Necromancy
  1548 | D:2      | Reached skill level 1 in Translocations
  1548 | D:2      | Reached skill level 1 in Transmutations
  1548 | D:2      | Reached skill level 1 in Fire Magic
  1548 | D:2      | Reached skill level 1 in Ice Magic
  1548 | D:2      | Reached skill level 1 in Air Magic
  1548 | D:2      | Reached skill level 1 in Earth Magic
  1548 | D:2      | Reached skill level 1 in Poison Magic
  1801 | D:2      | Reached XP level 5. HP: 43/43 MP: 5/7
  2217 | D:3      | Found a shimmering altar of Xom.
  2217 | D:3      | Found a sparkling altar of Nemelex Xobeh.
  2378 | D:3      | Noticed Jessica
  2380 | D:3      | Killed Jessica
  2381 | D:3      | Reached XP level 6. HP: 50/50 MP: 8/8
  2453 | D:3      | Noticed Natasha
  2455 | D:3      | Killed Natasha
  2456 | D:3      | Reached skill level 5 in Fighting
  2456 | D:3      | Reached skill level 5 in Dodging
  2494 | D:3      | Noticed Natasha
  2498 | D:3      | Killed Natasha
  2514 | D:3      | Noticed Natasha
  2516 | D:3      | Killed Natasha
  3365 | D:4      | Found a runed translucent gate.
  3365 | D:4      | Found a runed translucent gate.
  3365 | D:4      | Found a runed translucent gate.
  3369 | D:4      | Noticed Termiter's ghost (weakling DsNe)
  3398 | D:4      | Reached XP level 7. HP: 56/56 MP: 10/10
  3955 | D:4      | Killed Termiter's ghost
  4131 | D:5      | Entered Level 5 of the Dungeon
  5024 | D:5      | Reached skill level 9 in Ranged Weapons
  5187 | D:5      | Found a staircase to the Ecumenical Temple.
  5206 | D:5      | Found a runed translucent gate.
  5206 | D:5      | Noticed diceflayer's ghost (novice DsHu)
  5207 | D:5      | Found a runed translucent gate.
  5208 | D:5      | Found a runed translucent gate.
  5237 | D:5      | Reached XP level 8. HP: 52/63 MP: 9/12
  6220 | D:5      | Killed diceflayer's ghost
  6221 | D:5      | Reached XP level 9. HP: 59/69 MP: 4/15
  6489 | D:6      | Found a sand-covered staircase.
  6536 | D:6      | Reached skill level 5 in Stealth
  6788 | D:6      | Found Toasit's Weapon Boutique.
  6816 | D:6      | Found a sacrificial altar of Ru.
  6830 | D:6      | Became a worshipper of Ru the Awakened
  6850 | D:6      | Found a runed translucent door.
  6851 | D:6      | Noticed Crazy Yiuf
  6877 | D:6      | Noticed Eustachio
  6891 | D:6      | Killed Eustachio
  6892 | D:6      | Reached skill level 5 in Invocations
  7113 | D:6      | Found a broken altar of Ashenzari.
  7162 | D:6      | Found Exeah's Jewellery Emporium.
  7670 | D:6      | Killed Crazy Yiuf
  8198 | D:7      | Noticed snakesoul's ghost (novice DECj)
  8199 | D:7      | Found a runed translucent gate.
  8199 | D:7      | Found a runed translucent gate.
  8199 | D:7      | Found a runed translucent gate.
  8454 | D:7      | Reached skill level 5 in Short Blades
  8454 | D:7      | Reached skill level 5 in Long Blades
  8454 | D:7      | Reached skill level 5 in Axes
  8454 | D:7      | Reached skill level 5 in Maces & Flails
  8454 | D:7      | Reached skill level 5 in Polearms
  8454 | D:7      | Reached skill level 5 in Staves
  8454 | D:7      | Reached skill level 5 in Throwing
  8454 | D:7      | Reached skill level 5 in Armour
  8454 | D:7      | Reached skill level 5 in Shields
  8454 | D:7      | Reached skill level 5 in Unarmed Combat
  8454 | D:7      | Reached skill level 5 in Spellcasting
  8454 | D:7      | Reached skill level 5 in Evocations
  8454 | D:7      | Reached XP level 10. HP: 77/77 MP: 17/17
  8658 | D:7      | Reached skill level 10 in Ranged Weapons
  8726 | D:7      | Found Juhuful's Magic Scroll Boutique.
  8735 | D:7      | Bought 2 scrolls of enchant weapon for 180 gold pieces
  8735 | D:7      | Bought a scroll of enchant weapon for 90 gold pieces
  8831 | D:7      | Killed snakesoul's ghost
  9302 | D:7      | Identified a scroll of acquirement
  9302 | D:7      | Acquired 1210 gold pieces
 10776 | D:7      | Gained mutation: You are agile. (Dex +4, Str/Int -1)
                  | [potion of mutation]
 10776 | D:7      | Gained mutation: You are strong-willed. (Will+) [potion of
                  | mutation]
 11480 | D:8      | HP: 5/118 [orc priest/+0 short sword (2)]
 11482 | D:8      | Slain by a killer bee

Illustrated notes

Levels and vault maps discovered:
D:1:      lightli_arrival_isolated_outpost, layout_basic, minmay_ruptured
D:2:      layout_rooms, dreamdust_mushroom_princess,
          kennysheep_decorative_pillar, minmay_joined_circles, uniq_robin
D:3:      minmay_roachtagon, layout_basic, minitemple,
          kennysheep_generic_room_9, uniq_natasha, uniq_jessica
D:4:      layout_loops_ring, ebering_ghost_rock_garden,
          corexii_item_surrounded_by_moat
D:5:      minmay_bubble_buster, layout_loops_ring,
          minmay_temple_entry_overgrown, gammafunk_ghost_split
D:6:      minmay_razor_zed, layout_loops_ring, nicolae_ru_awakened_eye,
          lemuel_doored_altar, enter_ossuary_5, serial_shops, shop,
          nicolae_take_the_stairs, dreamdust_wishing_well, chequers_big_river,
          dreamdust_princess_bridge, uniq_eustachio, uniq_crazy_yiuf_cottage
D:7:      layout_loops_ring, serial_shops, nicolae_lakefront_shop,
          gammafunk_ghost_nasty_kobolds
D:8:      layout_cave_pools, mainiacjoe_overflow_alcove_2, serial_shops,
          nicolae_shop_stone, pf_guarded_unrand_meek, uniq_maggie, uniq_psyche

Skill      XL: |  1  2  3  4  5  6  7  8  9 10 |
---------------+-------------------------------+-----
Invocations    | 1 2 3 4 5 6 |  6.2
Short Blades   | 1 2 3 4 5 |  5.6
Long Blades    | 1 2 3 4 5 |  5.6
Axes           | 1 2 3 4 5 |  5.6
Maces & Flails | 1 2 3 4 5 |  5.6
Polearms       | 1 2 3 4 5 |  5.6
Staves         | 1 2 3 4 5 |  5.6
Throwing       | 1 2 3 4 5 |  5.6
Armour         | 1 2 3 4 5 |  5.6
Shields        | 1 2 3 4 5 |  5.6
Unarmed Combat | 1 2 3 4 5 |  5.6
Spellcasting   | 1 2 3 4 5 |  5.6
Evocations     | 1 2 3 4 5 |  5.6
Conjurations   | 1 2 3 4 |  4.6
Hexes          | 1 2 3 4 |  4.6
Summonings     | 1 2 3 4 |  4.6
Necromancy     | 1 2 3 4 |  4.6
Translocations | 1 2 3 4 |  4.6
Transmutations | 1 2 3 4 |  4.6
Fire Magic     | 1 2 3 4 |  4.6
Ice Magic      | 1 2 3 4 |  4.6
Air Magic      | 1 2 3 4 |  4.6
Earth Magic    | 1 2 3 4 |  4.6
Poison Magic   | 1 2 3 4 |  4.6
Stealth        | 3 4 5 6 |  6.1
Fighting       | 5 6 7 |  7.3
Dodging        | 5 6 7 |  7.3
Ranged Weapons | 9 10 | 10.2

Action                     |  1- 3 |  4- 6 |  7- 9 | 10-12 || total
---------------------------+-------+-------+-------+-------++-------
  Melee: Sling             |       |       |       |     2 ||     2
   Fire: Shortbow          |    80 |    29 |       |       ||   109
         Sling             |       |   157 |   295 |    86 ||   538
  Throw: Stone             |     7 |       |       |       ||     7
         Throwing net      |     1 |       |       |       ||     1
    Use: Scroll            |       |    10 |     2 |     9 ||    21
         Potion            |       |     3 |     5 |    16 ||    24
 Armour: Leather armour    |     3 |       |       |       ||     3
         Ring mail         |    10 |     7 |       |       ||    17
         Scale mail        |       |    12 |    21 |       ||    33
         Chain mail        |       |       |   134 |    33 ||   167
         Skin              |       |       |    33 |    44 ||    77
  Dodge: Dodged            |    18 |    29 |   137 |    30 ||   214
